Map: Terraformation EC (Void)

Players

Ruskul - Winner!

  • Race: Zerg Zerg
  • League: Master

AgCl

  • Race: Protoss Protoss
  • League: Silver

VOD

Have the link to the VOD?

Description

Time

  • Played on: July 14, 2015, 4:37 a.m.
  • Length: 4:22
Show
View Real Time Build Order
Export as new Build Order

Ruskul Zerg - Winner!

Build Orders: Pool First 

Get SALT Encoding   

  12  0:06  Drone  
  13  0:09  Drone  
  14  0:16  Extractor  
  14  0:17  Drone  
  14  0:36  Drone, Spawning Pool  
  14  0:45  Overlord  
  14  1:08  Drone  
  15  1:23  Queen  
  15  1:24  Metabolic Boost  
  18  1:25  Zergling x2  
  18  1:26  Zergling x2  
  18  1:29  Zergling x2  
  20  1:37  Zergling x2  
  21  1:52  Zergling x2  
  22  2:08  Overlord  
  22  2:13  Hatchery  
  21  2:16  Zergling x2  
  22  2:34  Zergling x6  
  22  2:35  Zergling x6  
  28  3:05  Zergling x2  
  28  3:06  Zergling x2  
  30  3:14  Overlord  
  30  3:15  Overlord  
  29  3:40  Zergling x10  
  29  3:56  Zergling x2  
  29  3:57  Zergling x8  
Show
View Real Time Build Order
Export as new Build Order

AgCl Protoss 

Build Orders: Oracle Opening 

Get SALT Encoding   

  12  0:03  Probe  
  13  0:28  Probe  
  13  0:30  Pylon  
  14  0:52  Probe  
  15  0:58  Gateway  
  15  1:04  Probe  
  16  1:11  Assimilator  
  16  1:16  Probe, Pylon  
  17  1:29  Probe  
  18  1:41  Probe  
  18  1:46  Pylon  
  18  1:51  Cybernetics Core  
  18  1:53  Probe (Chrono Boost)  
  19  1:56  Assimilator  
  19  1:59  Zealot (Chrono Boost)  
  21  2:05  Probe (Chrono Boost)  
  22  2:13  Probe (Chrono Boost)  
  23  2:22  Probe (Chrono Boost)  
  24  2:28  Stargate  
  25  2:30  Probe (Chrono Boost)  
  25  2:43  Pylon  
  25  2:52  Probe (Chrono Boost)  
  25  2:54  Nexus  
  26  3:04  Mothership Core (Chrono Boost)  
  28  3:23  Oracle (Chrono Boost)  
  31  3:29  Pylon  
  23  4:04  Nexus  
Tags
 
Add a new tag
Caveats
  • Supply blocks, unpowered buildings, or Contaminate may cause inaccurate times.
  • Supply counts are checked every 10 seconds.